 Dungeon Sprint DCSS version 0.27-a0-808-g60bc5d92e6 (webtiles) character file.

Game seed: 2044557536784551722

153 mhtbhm the Cudgeller (level 5, -2/87 HPs)
             Began as a Troll Berserker on Mar 28, 2021.
             Was a Believer of Trog.
             Slain by a killer bee (5 damage)
             ... in the Dungeon (Sprint IV: "Fedhas' Mad Dash").
             The game lasted 00:00:57 (548 turns).

mhtbhm the Cudgeller (Troll Berserker)               Turns: 548, Time: 00:00:57

Health: -2/87      AC:  4    Str: 26    XL:     5   Next: 12%
Magic:  4/4        EV: 11    Int:  3    God:    Trog [**....]
Gold:   58         SH:  0    Dex:  9    Spells: 4/4 levels left

rFire    . . .     SeeInvis .   a - +0 mace
rCold    . . .     Faith    .   (no shield)
rNeg     . . .     Spirit   .   b - +0 animal skin
rPois    .         Reflect  .   (helmet restricted)
rElec    .         Harm     .   (no cloak)
rCorr    .         Rampage  .   (gloves unavailable)
Will     .....     NoTele   +   (boots unavailable)
Stlth    ..........             i - amulet of invisibility {+Inv}
HPRegen  1.24/turn              (no ring)
MPRegen  0.09/turn              (no ring)

@: berserking, lethally poisoned (-2 -> -6), very quick
A: large, unfitting armour, claws 3, regeneration 1, shaggy fur 1, tough skin 1
a: Renounce Religion, Evoke Invisibility, Berserk, Trog's Hand


You were in the Dungeon.
You worshipped Trog.
Trog was pleased with you.
You visited 1 branch You collected 58 gold pieces.

Inventory:

Hand Weapons
 a - a +0 mace (weapon)
Armour
 b - a +0 animal skin (worn)
Jewellery
 i - the amulet of invisibility (around neck) {+Inv}
   (You found it in the Dungeon)

   [amulet of nothing]

   It lets you turn invisible.
Scrolls
 h - 2 scrolls of blinking
Potions
 c - a potion of curing
 d - a potion of heal wounds
 e - a potion of haste
 f - 2 potions of magic
 g - a potion of berserk rage


   Skills:
 + Level 5.6 Fighting
 + Level 6.2 Maces & Flails
 + Level 5.2 Dodging
 + Level 0.4 Evocations


You had 4 spell levels left.
You didn't know any spells.
Your spell library was empty.

Dungeon Overview and Level Annotations

Branches:
Dungeon (1/1)

Altars:


Innate Abilities, Weirdness & Mutations

You are too large for most types of armour.
You have claws for hands.
Your natural rate of healing is unusually fast.
You are covered in fur. (AC +1)
You have tough skin. (AC +1)


Message History

The killer bee rages.
The killer bee barely misses you. The killer bee stings you!
Unknown command.
You miss the killer bee.
The killer bee is severely wounded.
You feel very sick. The killer bee stings you.
You are more poisoned.
The killer bee poisons you! The killer bee stings you!
The killer bee stings you.
* * * LOW HITPOINT WARNING * * *
The killer bee stings you but does no damage.
You closely miss the killer bee.
The killer bee is severely wounded.
You feel very sick. The killer bee stings you!
* * * LOW HITPOINT WARNING * * *
The killer bee stings you.
* * * LOW HITPOINT WARNING * * *
You sock the killer bee!
You kill the killer bee!
Trog accepts your kill.
* * * LOW HITPOINT WARNING * * *
You feel very sick. The killer bee stings you.
* * * LOW HITPOINT WARNING * * *
The queen bee calls on the killer bee to defend it!
The killer bee goes berserk!
The queen bee calls on the killer bee to defend it!
The killer bee goes berserk!
Your Maces & Flails skill increases to level 6!
Your Dodging skill increases to level 5!
You have reached level 5!
Unknown command.
Unknown command.
You miss the killer bee.
* * * LOW HITPOINT WARNING * * *
You feel very sick. The killer bee misses you. The killer bee stings you.
You die...

##################
#<..P#.....#.....#
#PP..'.....'.#[[.+
#PPPP#.....#.#...#
###############'##
♣......yyy@..#
.....♣....y#...#
... ♣..♣..###### +
#+#####


You could see a queen bee and 3 killer bees.

Vanquished Creatures
  A scorpion (D)
  A killer bee (D)
  2 oklob saplings (D)
  A river rat (D)
  A rat (D)
6 creatures vanquished.

Notes
Turn   | Place    | Note
-------+----------+-------------------------------------------
     0 | D        | mhtbhm the Troll Berserker began the quest for the Orb.
     0 | D        | Reached XP level 1. HP: 22/22 MP: 0/0
    13 | D        | Reached skill level 3 in Maces & Flails
    13 | D        | Reached XP level 2. HP: 31/31 MP: 1/1
   160 | D        | Noticed an oklob sapling
   285 | D        | Killed an oklob sapling
   285 | D        | Reached ** piety under Trog
   286 | D        | Reached skill level 4 in Maces & Flails
   286 | D        | Reached XP level 3. HP: 39/39 MP: 2/2
   415 | D        | Noticed a scorpion
   416 | D        | Found the amulet of invisibility {+Inv}
   422 | D        | Killed a scorpion
   423 | D        | Reached skill level 5 in Maces & Flails
   423 | D        | Reached XP level 4. HP: 49/49 MP: 3/3
   470 | D        | Reached skill level 5 in Fighting
   532 | D        | Noticed a queen bee
   548 | D        | Reached skill level 6 in Maces & Flails
   548 | D        | Reached skill level 5 in Dodging
   548 | D        | Reached XP level 5. HP: 5/58 MP: 4/4
   548 | D        | HP: 3/87 [poisoned by a killer bee]
   548 | D        | Slain by a killer bee

Illustrated notes

Levels and vault maps discovered:
D:        dungeon_sprint_fedhas [sprint_temple]

Skill      XL: |  1  2  3  4 |
---------------+-------------+-----
Fighting       | 3 4 5 |  5.6
Maces & Flails | 3 4 5 6 |  6.2
Dodging        | 3 4 5 |  5.2
Evocations     | |  0.4

Action                   |  1- 3 |  4- 6 || total
-------------------------+-------+-------++-------
Melee: Mace              |    13 |    11 ||    24
Invok: Berserk           |     3 |     2 ||     5
 Abil: Evoke Invisibilit |       |     1 ||     1
Armor: Animal skin       |     4 |     4 ||     8
Dodge: Dodged            |     4 |    10 ||    14

Table legend: (Time is in decaauts)
 A = Elapsed time spent in this place.
 B = Non-inter-level travel time spent in this place.
 C = Inter-level travel time spent in this place.
 D = Time resting spent in this place.
 E = Time spent auto-exploring this place.
 F = Levels seen in this place.
 G = Mean time per level.
                   A        B        C        D        E       F      G
               +--------+--------+--------+--------+--------+-----+--------+
         Total |    577 |    577 |      0 |    470 |      0 |   1 |  577.0 |
       Dungeon |    577 |    577 |      0 |    470 |      0 |   1 |  577.0 |
               +--------+--------+--------+--------+--------+-----+--------+

Top non-repeatable levels by time:
       D: 577 daAuts
